 Dungeon Crawl Stone Soup version 0.27.1-1-g398f81649c (webtiles) character file.

Game seed: 5147768949937162923

3908 mainiacjoe the Summoner (level 10, -3/44 HPs)
             Began as a Vine Stalker Summoner on Sept 9, 2021.
             Was a Priest of Lugonu.
             Shot with an arrow by a centaur warrior (13 damage)
             ... on level 9 of the Dungeon on Sept 10, 2021.
             The game lasted 00:38:28 (9731 turns).

mainiacjoe the Summoner (Vine Stalker Summoner)     Turns: 9731, Time: 00:38:29

Health: -3/44      AC:  7    Str: 10    XL:     10   Next: 20%
Magic:  0/15       EV: 12    Int: 18    God:    Lugonu [***...]
Gold:   167        SH:  0    Dex: 22    Spells: 3/15 levels left

rFire    . . .     SeeInvis .   a - +0 halberd
rCold    . . .     Faith    .   (shield currently unavailable)
rNeg     . . .     Spirit   +   L - +0 steam dragon scales
rPois    .         Reflect  .   (no helmet)
rElec    .         Harm     .   n - +0 cloak
rCorr    .         Rampage  .   (no gloves)
Will     +....                  I - +0 pair of boots
Stlth    +++.......             (no amulet)
HPRegen  1.14/turn              M - +6 ring of dexterity
MPRegen  0.14/turn              H - ring of wizardry {=R}

@: no status effects
A: fangs 3, regeneration 1, magic shield, antimagic bite, no potion heal 2
a: Renounce Religion, Depart the Abyss, Bend Space, Banish


You were on level 9 of the Dungeon.
You worshipped Lugonu.
Lugonu was most pleased with you.
You visited 2 branches of the dungeon, and saw 10 of its levels.

You collected 573 gold pieces.
You spent 406 gold pieces at shops.

Inventory:

Hand Weapons
 a - a +0 halberd (weapon)
 b - a +3 shortbow
 w - a +2 hand axe of electrocution
 S - a +0 trident
Missiles
 d - 116 arrows
 i - 223 stones
 y - 33 poisoned darts (quivered)
 D - 5 javelins
Armour
 j - a +0 ring mail
 n - a +0 cloak (worn)
 I - a +0 pair of boots (worn)
 K - a +0 robe
 L - +0 steam dragon scales (worn)
 R - a +0 robe of fire resistance
Magical Staves
 q - a staff of fire
Jewellery
 r - a ring of protection from cold
 C - a ring of positive energy
 H - a ring of wizardry (right hand) {=R}
 M - a +6 ring of dexterity (left hand)
Wands
 s - a wand of digging (9)
 x - a wand of charming (12)
 P - a wand of flame (57)
Scrolls
 c - a scroll of vulnerability
 f - 3 scrolls of amnesia
 h - a scroll of brand weapon
 k - 3 scrolls of immolation
 m - a scroll of enchant weapon {unknown}
 v - a scroll of silence {unknown}
 G - a scroll of noise {unknown}
 N - a scroll of magic mapping {unknown}
 O - a scroll of torment {unknown}
 T - 2 scrolls of fear
 U - a scroll of summoning
 V - a scroll of teleportation
 X - a scroll of blinking
Potions
 e - 2 potions of haste
 g - a potion of heal wounds {unknown}
 l - 4 potions of flight
 o - 5 potions of curing
 p - a potion of lignification {unknown}
 t - a potion of invisibility {unknown}
 u - a potion of magic {unknown}
 z - a potion of cancellation {unknown}
 A - a potion of might {unknown}
 B - 3 potions of mutation
 J - a potion of degeneration {unknown}
 Q - 4 potions of attraction {unknown}
 W - a potion of berserk rage {unknown}
 Y - a potion of resistance {unknown}
 Z - a potion of ambrosia {unknown}


   Skills:
 - Level 8.0 Polearms
 - Level 1.5 Dodging
 - Level 2.4 Stealth
 - Level 3.0 Spellcasting
 - Level 3.0 Hexes
 + Level 9.2 Summonings
 - Level 3.0 Air Magic
 - Level 6.0 Invocations


You had 3 spell levels left.
You knew the following spells:

 Your Spells              Type           Power      Damage    Failure   Level
a - Summon Guardian Gole  Hex/Summ       24%        N/A       1%          3
b - Call Imp              Summ           36%        N/A       1%          2
c - Call Canine Familiar  Summ           36%        N/A       1%          3
d - Summon Lightning Spi  Summ/Air       24%        N/A       5%          4

Your spell library contained the following spells:

 Spells                   Type           Power      Damage    Failure   Level
 Corona                   Hex            14%        N/A       1%          1
 Summon Small Mammal      Summ           100%       N/A       1%          1
 Animate Skeleton         Necr           4%         N/A       6%          1
 Apportation              Tloc           4%         N/A       6%          1
 Tukima's Dance           Hex            13%        N/A       6%          3
 Conjure Flame            Conj/Fire      2%         6-21      19%         3
 Ignite Poison            Fire/Tmut/Pois 2%         N/A       19%         3
 Passage of Golubria      Tloc           N/A        N/A       52%         4
 Sticky Flame             Conj/Fire      2%         2d3       52%         4
 Yara's Violent Unravell  Hex/Tmut       4%         3d4       65%         5
 Alistair's Intoxication  Tmut/Pois      1%         N/A       85%         5
 Invisibility             Hex            6%         N/A       94%         6


Dungeon Overview and Level Annotations

Branches:
Dungeon (9/15)             Temple (1/1) D:4
   Lair: D:8-11         Orc: D:9-12

Altars:
Ashenzari
Cheibriados
Dithmenos
Elyvilon
Fedhas
Gozag
Hepliaklqana
Kikubaaqudgha
Makhleb
Nemelex Xobeh
Okawaru
Ru
Sif Muna
Trog
Uskayaw
Vehumet
Wu Jian
Xom
Yredelemnul
Zin
The Shining One
Lugonu

Shops:
D:5 (   D:8 ?

Annotations:
D:7 1 runed translucent door, 1 exclusion, Crazy Yiuf


Innate Abilities, Weirdness & Mutations

You have razor-sharp teeth.
Your natural rate of healing is unusually fast.
When hurt, damage is shared between your health and your magic reserves.
Your bite disrupts and absorbs the magic of your enemies.
Potions cannot restore your health.


Message History

The centaur warrior shoots an arrow.
The arrow barely misses your white imp. The arrow hits you!
* * * LOW HITPOINT WARNING * * *
The centaur warrior shoots an arrow.
The arrow hits your white imp!!
Your white imp dies!
Unknown command.
Throw: 3 throwing nets {=F}
Press: ? - help, Shift-Dir - straight line, f/p - centaur warrior
Aim: a centaur warrior, wielding a +3 shortbow and quivering arrows (lightly wounded, ally target, 70% to hit)
You throw a throwing net {=F}.
The throwing net {=F} closely misses the centaur warrior.
The centaur warrior shoots an arrow.
The arrow hits you!
* * * LOW HITPOINT WARNING * * *
Your lightning spire shoots out a bolt of lightning at the centaur warrior!
The bolt of electricity hits the centaur warrior!
Okay, then.
Throw: 2 throwing nets {=F}
Press: ? - help, Shift-Dir - straight line, f/p - centaur warrior
Aim: a centaur warrior, wielding a +3 shortbow and quivering arrows (moderately wounded, ally target, 70% to hit)
You throw a throwing net {=F}.
The throwing net {=F} closely misses the centaur warrior.
Throw: throwing net {=F}
Press: ? - help, Shift-Dir - straight line, f/p - centaur warrior
Aim: a centaur warrior, wielding a +3 shortbow and quivering arrows (moderately wounded, 70% to hit)
You throw a throwing net {=F}.
The throwing net {=F} hits the centaur warrior.
The centaur warrior is caught in the net!
The centaur warrior is moderately wounded.
The centaur warrior struggles against the net.
The centaur warrior struggles against the net. x2
The centaur warrior struggles against the net.
The net rips apart, and the centaur warrior comes free!
Unknown command.
Reach: a) +0 halberd
Press: ? - help, Dir - move target, f/p - centaur warrior
Aim: a centaur warrior, wielding a +3 shortbow and quivering arrows (moderately wounded, ally target, about 31% to evade your +0 halberd)
You reach to attack!
You barely miss the centaur warrior.
The centaur warrior is moderately wounded.
The centaur warrior shoots an arrow.
The arrow hits you!
You die...

.###.....#.##.#.......
......([..............
..#.......#.###.....
..#...............## .
#..#.##.#[#......#
.....#.#..#.....#[. ###
###.....#....)..#### ...
#..#..........#8.# . ..
#..##....###†.@..# ..#
.##
#.........#.....###.....
)..
......#..#..#.c((...#
...
......#######((.(...#
... .###.. #((###(.# ...
..... (... #$ #..#..#
(.# ....#### c. .. .....
. ..#


You could see a centaur warrior (ally target) and a friendly lightning spire
(summoned).

Vanquished Creatures
  Harold (D:7)
  Pikel (D:7)
  A deep elf pyromancer (D:9)
  A sky beast (D:5)
  An orc warrior (D:8)
  An ice beast (D:7)
  3 ogres
  3 centaurs
  A lemure (D:7)
  2 phantoms (D:5)
  2 kobold brigands (D:5)
  A gnoll sergeant (D:9)
  4 bullfrogs
  A scorpion (D:6)
  A wyvern zombie (D:7)
  A water moccasin zombie (D:6)
  A water moccasin skeleton (D:4)
  A centaur skeleton (D:7)
  A jelly (D:4)
  An iguana (D:4)
  9 orc wizards
  A killer bee zombie (D:8)
  A hound zombie (D:5)
  A howler monkey zombie (D:5)
  8 gnolls
  A howler monkey skeleton (D:7)
  4 adders
  A shadow imp (D:6)
  A white imp (D:6)
  An ufetubus (D:5)
  An adder skeleton (D:4)
  2 worms
  12 orcs
  7 endoplasms
  10 giant cockroaches
  3 hobgoblins
  3 jackals (D:2)
  3 quokkas
  3 training dummies (D:5)
  5 ball pythons
  5 bats
  8 goblins
  11 kobolds
  4 rats
134 creatures vanquished.

Vanquished Creatures (collateral kills)
  A wyvern (D:9)
  A steam dragon (D:6)
  A vampire mosquito (D:9)
  Menkaure (D:7)
  2 water moccasins
  A sky beast (D:4)
  A howler monkey (D:9)
  2 jellies
  3 gnoll shamans
  An orc priest (D:9)
  2 hounds
  Jessica (D:3)
  An iguana (D:6)
  4 orc wizards
  Ijyb (D:4)
  Natasha (thrice) (D:2)
  15 gnolls
  3 adders
  A white imp (D:5)
  2 worms (D:2)
  A dart slug (D:5)
  6 orcs
  3 endoplasms
  A giant cockroach (D:2)
  A hobgoblin (D:3)
  7 kobolds
  A ball python (D:3)
  A bat (D:3)
  2 goblins (D:2)
  A rat (D:2)
71 creatures vanquished.

Vanquished Creatures (others)
  A demonic plant (Temple)
  14 fungi (D:5)
15 creatures vanquished.

Grand Total: 220 creatures vanquished

Notes
Turn   | Place    | Note
-------+----------+-------------------------------------------
     0 | D:1      | mainiacjoe the Vine Stalker Summoner began the quest for
                  | the Orb.
     0 | D:1      | Reached XP level 1. HP: 9/9 MP: 4/4
   155 | D:1      | Reached XP level 2. HP: 13/13 MP: 3/6
   158 | D:1      | Learned a level 2 spell: Call Imp
   476 | D:1      | Reached XP level 3. HP: 16/16 MP: 8/8
   502 | D:2      | Noticed Natasha
   524 | D:2      | Killed Natasha
   525 | D:2      | Reached skill level 1 in Polearms
   580 | D:2      | Noticed Natasha
   590 | D:2      | Killed Natasha
   798 | D:2      | Gained mutation: Your natural rate of healing is unusually
                  | fast. [Vine Stalker growth]
   798 | D:2      | Reached XP level 4. HP: 21/21 MP: 4/9
   805 | D:2      | Learned a level 3 spell: Call Canine Familiar
   848 | D:2      | Found a radiant altar of Vehumet.
  1600 | D:2      | Noticed Natasha
  1620 | D:2      | Killed Natasha
  1668 | D:2      | Found a faded altar of an unknown god.
  2179 | D:3      | Reached skill level 5 in Summonings
  2179 | D:3      | Reached XP level 5. HP: 23/24 MP: 2/10
  2339 | D:3      | Noticed Jessica
  2345 | D:3      | Killed Jessica
  2401 | D:3      | Noticed a water moccasin
  2411 | D:3      | Killed a water moccasin
  2683 | D:3      | Found a radiant altar of Vehumet.
  2828 | D:3      | Found a hide-covered altar of Uskayaw.
  2833 | D:3      | Noticed a +0 hand axe
  2833 | D:3      | Noticed a +0 dagger
  2993 | D:4      | Found a burning altar of Makhleb.
  3046 | D:4      | Noticed a sky beast
  3056 | D:4      | Killed a sky beast
  3057 | D:4      | Reached XP level 6. HP: 10/28 MP: 4/11
  3142 | D:4      | Noticed Ijyb
  3163 | D:4      | Killed Ijyb
  3326 | D:4      | Found a glowing silver altar of Zin.
  3545 | D:4      | Reached skill level 6 in Summonings
  3601 | D:4      | Found a blossoming altar of Fedhas.
  3739 | D:4      | Reached XP level 7. HP: 26/32 MP: 5/12
  3744 | D:4      | Learned a level 4 spell: Summon Lightning Spire
  3807 | D:4      | Found a staircase to the Ecumenical Temple.
  3814 | Temple   | Entered the Ecumenical Temple
  3873 | Temple   | Became a worshipper of Lugonu the Unformed
  3873 | Temple   | Reached * piety under Lugonu
  4067 | D:5      | Entered Level 5 of the Dungeon
  4081 | D:5      | Reached skill level 1 in Invocations
  4175 | D:5      | Found Teomiukh's Firing Range.
  4258 | D:5      | Reached skill level 5 in Polearms
  4683 | D:5      | Reached ** piety under Lugonu
  4698 | D:5      | Found a broken altar of Ashenzari.
  4785 | D:5      | Gained mutation: You have razor-sharp teeth. [Vine Stalker
                  | growth]
  4785 | D:5      | Reached XP level 8. HP: 36/36 MP: 13/13
  4894 | D:5      | Found a sparkling altar of Nemelex Xobeh.
  5045 | D:5      | Found a glowing golden altar of the Shining One.
  5385 | D:6      | Found a hazy altar of Hepliaklqana.
  5705 | D:6      | Found a shadowy altar of Dithmenos.
  5995 | D:6      | Found an ornate altar of the Wu Jian Council.
  6064 | D:7      | Noticed Menkaure
  6237 | D:7      | Reached skill level 5 in Invocations
  6408 | D:7      | Killed Menkaure
  6710 | D:7      | Noticed Harold
  6866 | D:7      | Killed Harold
  6867 | D:7      | Reached skill level 1 in Air Magic
  6867 | D:7      | Reached XP level 9. HP: 19/39 MP: 3/14
  7067 | D:7      | Noticed Pikel
  7092 | D:7      | Killed Pikel
  7093 | D:7      | Reached skill level 7 in Summonings
  7261 | D:7      | Found a basalt altar of Yredelemnul.
  7385 | D:7      | Found a white marble altar of Elyvilon.
  7520 | D:7      | Found a runed translucent door.
  7521 | D:7      | Noticed Crazy Yiuf
  7660 | D:7      | Learned a level 3 spell: Summon Guardian Golem
  7952 | D:8      | Found Joyfesk's Magic Scroll Boutique.
  7962 | D:8      | Bought a scroll of summoning for 133 gold pieces
  7962 | D:8      | Bought a scroll of fear for 49 gold pieces
  7962 | D:8      | Bought a scroll of teleportation for 42 gold pieces
  7962 | D:8      | Bought a scroll of immolation for 49 gold pieces
  7962 | D:8      | Bought a scroll of identify for 28 gold pieces
  7962 | D:8      | Bought a scroll of blinking for 105 gold pieces
  8166 | D:8      | Reached skill level 1 in Hexes
  8269 | D:8      | Reached *** piety under Lugonu
  8425 | D:8      | Reached skill level 8 in Summonings
  8981 | D:9      | Reached XP level 10. HP: 43/44 MP: 11/15
  9361 | D:9      | Noticed a deep elf pyromancer
  9375 | D:9      | Killed a deep elf pyromancer
  9470 | D:9      | Reached skill level 9 in Summonings
  9716 | D:9      | Noticed a centaur warrior
  9731 | D:9      | Shot with an arrow by a centaur warrior

Illustrated notes

Levels and vault maps discovered:
D:1:      dpeg_arrival_brainrot, layout_basic
D:2:      layout_rooms, basic_altar, hellmonk_ecumenical_altar_heavens_door,
          minmay_misc_feat_diagonals, hangedman_decor_points, uniq_natasha
D:3:      layout_loops_cross, dancing_weapons_uskayaw,
          mainiacjoe_overflow_alcove_4, serial_glass, glass_columns_a,
          glass_columns_a, minmay_strange_pillars, minmay_strange_pillars,
          minmay_strange_pillars, uniq_jessica
D:4:      layout_loops_ring, zin_academy, fedhas_altar_2,
          mainiacjoe_overflow_small_starburst,
          minmay_temple_entry_drinking_statues, uniq_ijyb
D:5:      layout_cave_pools, mainiacjoe_overflow_cross_hatched,
          marbit_many_paths, tso_altar, nicolae_shop_firing_range
D:6:      layout_basic, grunt_dithmenos_smoke_and_mirrors,
          pdpol_wu_jian_five_deadly_venoms, worldfamousw_hep_ancestral_shrine
D:7:      layout_loops_ring, kennysheep_ying_yang, uniq_menkaure, uniq_pikel,
          uniq_harold, uniq_crazy_yiuf_cottage
D:8:      layout_cave_pods, serial_shops, nicolae_lakefront_shop,
          palyth_stone_intersect
D:9:      hangedman_cross_cluster, layout_loops_ring
Temple:   corrupted_temple

Skill      XL: |  1  2  3  4  5  6  7  8  9 10 |
---------------+-------------------------------+-----
Polearms       | 1 2 3 4 5 8 |  8.0
Spellcasting   | 3 |  3.0
Summonings     | 5 6 8 9 |  9.2
Invocations    | 3 6 |  6.0
Air Magic      | 1 3 |  3.0
Hexes          | 2 3 |  3.0
Dodging        | |  1.5
Stealth        | |  2.4

Action                   |  1- 3 |  4- 6 |  7- 9 | 10-12 || total
-------------------------+-------+-------+-------+-------++-------
Melee: Trident           |    48 |   188 |   143 |       ||   379
       Bite              |     9 |    33 |    56 |     4 ||   102
       Hand axe          |       |       |    32 |       ||    32
       Halberd           |       |       |    38 |    42 ||    80
 Fire: Shortbow          |       |       |    68 |    42 ||   110
Throw: Stone             |     1 |   142 |    20 |       ||   163
       Dart              |       |     1 |    20 |     8 ||    29
       Throwing net      |       |       |       |     3 ||     3
 Cast: Summon Small Mamm |     2 |       |     1 |       ||     3
       Call Imp          |     9 |    18 |    37 |     3 ||    67
       Call Canine Famil |       |     7 |    43 |     7 ||    57
       Summon Lightning  |       |       |    10 |     6 ||    16
Evoke: Wand              |       |       |     7 |       ||     7
  Use: Scroll            |       |     2 |     7 |       ||     9
 Stab: Sleeping          |     4 |     2 |       |       ||     6
       Distracted        |       |     4 |       |     3 ||     7
Armor: Robe              |     2 |    42 |    18 |       ||    62
       Steam dragon scal |       |       |    45 |    19 ||    64
Dodge: Dodged            |    31 |    98 |   138 |    40 ||   307
